[Event "December 12 Early 2023"]
[Site "https://www.chess.com"]
[Date "2023.12.12"]
[Round "7"]
[White "Hajiyev, Kanan"]
[Black "Porozhnyak, Maya"]
[Result "1/2-1/2"]
[Board "99"]
[TimeControl "180+1"]
[WhiteFideId "13404148"]
[BlackFideId "34115843"]
[WhiteElo "2562"]
[BlackElo "2429"]
[WhiteTeam "AZE"]
[BlackTeam "RUS"]
[WhiteClock "0:00:21"]
[BlackClock "0:00:15"]

1. d4 c5 2. Nf3 cxd4 3. Nxd4 g6 4. g3 Bg7 5. Bg2 Nc6 6. Nxc6 bxc6 7. O-O Nf6 8. c4 O-O 9. Nc3 Rb8 10. b3 Ne4 11. Bxe4 Bxc3 12. Bh6 Bxa1 13. Qxa1 f6 14. Bxf8 Qxf8 15. Rd1 c5 16. Bd5+ Kg7 17. h4 h5 18. Qc3 d6 19. Qa5 a6 20. Qc7 Bf5 21. Bb7 Qd8 22. Qxd8 Rxd8 23. Rd2 a5 24. Bc6 Rc8 25. Bb5 Kf7 26. f3 g5 27. e4 Be6 28. Kf2 gxh4 29. gxh4 f5 30. exf5 Bxf5 31. Ke3 Rg8 32. Kf4 Be6 33. Bc6 Rg1 34. Bd5 Kf6 35. Bxe6 Kxe6 36. Rd5 Ra1 37. Rxh5 Rxa2 38. Rd5 Rb2 39. Rd3 Kf6 40. Re3 Rd2 41. Kg4 Rd4+ 42. f4 e5 43. Rf3 e4 44. Re3 a4 45. bxa4 Rxc4 46. a5 d5 47. Ra3 Rb4 48. a6 Rb8 49. a7 Ra8 50. Ra6+ Ke7 51. Kf5 e3 52. Re6+ Kd7 53. Rxe3 Rxa7 54. Ke5 Kc6 55. Rg3 Re7+ 56. Kf6 Rh7 57. Rh3 d4 58. Kg6 Rh8 59. h5 c4 60. h6 d3 61. Kg7 Rd8 62. h7 d2 63. Rh1 c3 64. h8=Q Rxh8 65. Kxh8 c2 66. f5 d1=Q 67. Rxd1 cxd1=Q 68. f6 Qh5+ 69. Kg7 Qg5+ 70. Kf7 Kd6 71. Ke8 Qxf6 1/2-1/2

[Event "December 12 Early 2023"]
[Site "https://www.chess.com"]
[Date "2023.12.12"]
[Round "7"]
[White "Osmak, Yuliia"]
[Black "yaguigor"]
[Result "0-1"]
[Board "100"]
[TimeControl "180+1"]
[WhiteFideId "14101602"]
[WhiteElo "2544"]
[BlackElo "2430"]
[WhiteTeam "UKR"]
[WhiteClock "0:00:00"]
[BlackClock "0:00:39"]

1. e4 c5 2. Nf3 Nc6 3. Bb5 Nf6 4. Nc3 Qc7 5. O-O Nd4 6. Bc4 e6 7. d3 Ng4 8. g3 Nxf3+ 9. Qxf3 Ne5 10. Qe2 a6 11. Bb3 Be7 12. Bf4 d6 13. a4 Nc6 14. Qd1 b6 15. Qg4 O-O 16. Bh6 Bf6 17. Bg5 Ne5 18. Qh5 Bxg5 19. f4 Bf6 20. fxe5 Bxe5 21. Rf3 g6 22. Qh6 Bd7 23. Raf1 b5 24. g4 Bg7 25. Qh4 c4 26. dxc4 bxc4 27. Ba2 Qb6+ 28. Kh1 Qxb2 29. Rh3 h6 30. Ne2 Qxa2 31. g5 h5 32. Nf4 Rfb8 33. Nxh5 gxh5 34. Qxh5 Be8 35. Qh7+ Kf8 36. g6 Rb1 37. Rf3 Rxf1+ 38. Rxf1 Qxc2 39. gxf7 Bxf7 40. Qg6 Ra7 41. Qxe6 Re7 42. Qc8+ Re8 43. Qf5 Qxe4+ 0-1

[Event "December 12 Early 2023"]
[Site "https://www.chess.com"]
[Date "2023.12.12"]
[Round "7"]
[White "Parra Gomez, Adrian"]
[Black "Ginzburg, Yakov"]
[Result "0-1"]
[Board "101"]
[TimeControl "180+1"]
[WhiteFideId "3513106"]
[BlackFideId "4157176"]
[WhiteElo "2426"]
[BlackElo "2542"]
[WhiteTeam "CUB"]
[BlackTeam "RUS"]
[WhiteClock "0:00:00"]
[BlackClock "0:00:05"]

1. d4 d5 2. c4 c6 3. cxd5 cxd5 4. Nc3 e5 5. e4 dxe4 6. Bb5+ Bd7 7. dxe5 Bb4 8. Bxd7+ Qxd7 9. Qb3 Nc6 10. Ne2 Nge7 11. O-O Bxc3 12. Nxc3 O-O 13. Nxe4 Nxe5 14. Bf4 Qf5 15. Bxe5 Qxe5 16. Rfe1 b6 17. Ng3 Qg5 18. Re4 Ng6 19. Rae1 Rac8 20. Qa4 Rc1 21. Qxa7 Qd2 22. Rxc1 Qxc1+ 23. Nf1 Qxb2 24. Qa4 h6 25. h4 Rd8 26. Re8+ Rxe8 27. Qxe8+ Kh7 28. Qxf7 Nxh4 29. Ne3 Qb1+ 30. Kh2 Qe4 31. Qd5 Qf4+ 32. Kg1 Qf6 33. Qe4+ Ng6 34. Nd5 Qd6 35. g3 b5 36. Nf4 Qf6 37. Kf1 h5 0-1

[Event "December 12 Early 2023"]
[Site "https://www.chess.com"]
[Date "2023.12.12"]
[Round "7"]
[White "Ovezdurdyyeva, Jemal"]
[Black "Leenhouts, Koen"]
[Result "0-1"]
[Board "102"]
[TimeControl "180+1"]
[WhiteFideId "14001888"]
[BlackFideId "1008439"]
[WhiteElo "2422"]
[BlackElo "2533"]
[WhiteTeam "TKM"]
[BlackTeam "NED"]
[WhiteClock "0:00:18"]
[BlackClock "0:00:22"]

1. e4 e6 2. d4 d5 3. Nc3 Bb4 4. exd5 exd5 5. Bd3 Nf6 6. Ne2 O-O 7. O-O Re8 8. Bg5 c6 9. a3 Be7 10. Ng3 h6 11. Bf4 Bd6 12. Qd2 Be6 13. Nf5 Bxf4 14. Qxf4 Bxf5 15. Bxf5 Nbd7 16. Rfe1 a5 17. h3 Nb6 18. b3 a4 19. Bd3 Rxe1+ 20. Rxe1 axb3 21. cxb3 Rxa3 22. Bc2 Ra8 23. Ne2 Qe7 24. Qd2 Re8 25. Kf1 Nc8 26. Bd3 Nd6 27. f3 g6 28. Qxh6 Nh5 29. Qd2 Qh4 30. Ra1 Kg7 31. Qb4 Re6 32. Ra8 Ng3+ 33. Nxg3 Qxg3 34. Qd2 Qh4 35. Ra1 Qxd4 36. Re1 Rxe1+ 37. Kxe1 c5 38. Be2 Qxd2+ 39. Kxd2 Kf6 40. Kc3 Ke5 41. g3 d4+ 42. Kd2 b5 43. h4 c4 44. bxc4 bxc4 45. g4 d3 46. Bd1 Kd4 47. h5 gxh5 48. gxh5 c3+ 49. Kc1 Nf5 50. f4 Ke3 51. Bg4 Nh6 52. Bd7 Kxf4 53. Bb5 Ke3 54. Be8 f5 55. Bg6 f4 0-1

[Event "December 12 Early 2023"]
[Site "https://www.chess.com"]
[Date "2023.12.12"]
[Round "7"]
[White "Lima, Stefan Moisei VIeira"]
[Black "Hirneise, Jens"]
[Result "0-1"]
[Board "103"]
[TimeControl "180+1"]
[WhiteFideId "22782273"]
[BlackFideId "24614734"]
[WhiteElo "2422"]
[BlackElo "2528"]
[WhiteTeam "BRA"]
[BlackTeam "GER"]
[WhiteClock "0:00:08"]
[BlackClock "0:00:08"]

1. e4 d5 2. exd5 Qxd5 3. Nc3 Qa5 4. d4 c6 5. Bc4 Nf6 6. Nf3 Bg4 7. h3 Bxf3 8. Qxf3 e6 9. O-O Be7 10. Re1 Nbd7 11. Bd2 Qh5 12. Qg3 Qg6 13. Qe3 Qf5 14. Bd3 Qh5 15. Ne2 Bd6 16. Nf4 Bxf4 17. Qxf4 O-O 18. c4 Rfd8 19. Bc3 Nf8 20. Rad1 Ng6 21. Qg3 Rd7 22. Bc2 Rad8 23. Qe3 Qh4 24. b3 Qf4 25. Qxf4 Nxf4 26. a4 Ng6 27. a5 Ne8 28. Be4 Nd6 29. Bf3 Nh4 30. Be2 Ne4 31. Bb4 Rxd4 32. Rxd4 Rxd4 33. g3 Ng6 34. Bf3 f5 35. Bxe4 fxe4 36. Bc5 Rd3 37. b4 Rb3 38. Rxe4 b6 39. axb6 axb6 40. Bxb6 Rxb4 41. Bc5 Rb1+ 42. Kg2 Kf7 43. h4 h5 44. Be3 e5 45. Bg5 Ke6 46. Re3 Rc1 47. Rxe5+ Nxe5 48. Bxc1 Nxc4 49. Kf3 Kf5 50. Kg2 Ke4 51. f3+ Kd3 52. g4 g6 53. Kg3 c5 54. gxh5 gxh5 55. Kf4 Kc2 56. Be3 Nxe3 57. Kxe3 Kb3 58. Kd2 c4 59. Kc1 Kc3 60. f4 Kd4 61. f5 Ke5 62. Kd2 Kxf5 63. Kc3 Kg4 64. Kxc4 Kxh4 65. Kd3 Kg3 0-1

[Event "December 12 Early 2023"]
[Site "https://www.chess.com"]
[Date "2023.12.12"]
[Round "7"]
[White "Matveeva, Olga"]
[Black "Eilers, Stefan"]
[Result "0-1"]
[Board "104"]
[TimeControl "180+1"]
[WhiteFideId "24107018"]
[BlackFideId "4609565"]
[WhiteElo "2417"]
[BlackElo "2524"]
[WhiteTeam "RUS"]
[BlackTeam "GER"]
[WhiteClock "0:01:16"]
[BlackClock "0:01:31"]

1. d4 d5 2. c4 e6 3. Nf3 c5 4. cxd5 exd5 5. g3 Nc6 6. Bg2 Nf6 7. O-O Be7 8. b3 Ne4 9. dxc5 Bf6 10. Nc3 Nxc3 11. Qc2 O-O 12. Bb2 d4 13. a3 Qe7 14. b4 Qxe2 15. Qxe2 Nxe2+ 16. Kh1 a6 17. Rad1 Nc3 18. Rd2 Bf5 19. h4 Rad8 20. Kh2 h6 21. Rc1 Ne4 0-1

[Event "December 12 Early 2023"]
[Site "https://www.chess.com"]
[Date "2023.12.12"]
[Round "7"]
[White "Tulchynskyi, Feliks"]
[Black "Donchenko, Anatoly"]
[Result "1-0"]
[Board "105"]
[TimeControl "180+1"]
[WhiteFideId "34127895"]
[BlackFideId "4106091"]
[WhiteElo "2522"]
[BlackElo "2388"]
[WhiteTeam "UKR"]
[BlackTeam "GER"]
[WhiteClock "0:00:16"]
[BlackClock "0:00:00"]

1. c4 e6 2. Nc3 d5 3. d4 Nf6 4. cxd5 exd5 5. Bg5 Nbd7 6. e3 Be7 7. Bd3 Nf8 8. Qc2 Ne6 9. Bh4 g6 10. Bg3 O-O 11. Nf3 c5 12. dxc5 d4 13. exd4 Nxd4 14. Nxd4 Qxd4 15. O-O Qxc5 16. Rfe1 Be6 17. Rad1 Rfd8 18. Be5 Rac8 19. Qe2 Ng4 20. Bg3 Nf6 21. h3 a6 22. Be5 b5 23. a3 Nd7 24. Bf4 Nf6 25. Be5 Nd7 26. Bg3 Nf6 27. Bh4 Qa7 28. Qf3 Nh5 29. Bxe7 Qxe7 30. Ne4 Kg7 31. g4 Nf6 32. Ng5 Rd6 33. Bb1 Rxd1 34. Qxd1 Rd8 35. Qf3 Rd6 36. Ba2 Bd5 37. Rxe7 Bxf3 38. Rxf7+ Kh6 39. Nxf3 g5 40. Kg2 Ne4 41. Re7 Nd2 42. Nxd2 Rxd2 43. Bb1 1-0

[Event "December 12 Early 2023"]
[Site "https://www.chess.com"]
[Date "2023.12.12"]
[Round "7"]
[White "Rogov, Matfey"]
[Black "Botea, David-Alexandru"]
[Result "1-0"]
[Board "106"]
[TimeControl "180+1"]
[WhiteFideId "44191308"]
[BlackFideId "1263293"]
[WhiteElo "2522"]
[BlackElo "2362"]
[WhiteTeam "RUS"]
[BlackTeam "ROU"]
[WhiteClock "0:00:58"]
[BlackClock "0:00:46"]

1. e4 d6 2. Nc3 g6 3. f4 Bg7 4. Nf3 e6 5. d4 Ne7 6. Bd3 c5 7. dxc5 dxc5 8. Be3 Qa5 9. O-O O-O 10. Qe1 Nbc6 11. Qh4 a6 12. f5 exf5 13. Bh6 c4 14. Ng5 Bd4+ 15. Kh1 cxd3 16. Bxf8 Kxf8 17. Nd5 Nxd5 18. exd5 Qxd5 19. Rae1 d2 20. Qh6+ Bg7 21. Nxh7+ Kg8 22. Nf6+ 1-0

[Event "December 12 Early 2023"]
[Site "https://www.chess.com"]
[Date "2023.12.12"]
[Round "7"]
[White "Erzhanov, Arman"]
[Black "Munoz Sanchez, Miguel"]
[Result "1/2-1/2"]
[Board "107"]
[TimeControl "180+1"]
[WhiteFideId "4138821"]
[BlackFideId "3600734"]
[WhiteElo "2520"]
[BlackElo "2350"]
[WhiteTeam "KAZ"]
[BlackTeam "ECU"]
[WhiteClock "0:00:17"]
[BlackClock "0:00:27"]

1. e4 e6 2. b3 d5 3. Bb2 Nf6 4. e5 Nfd7 5. f4 c5 6. Qg4 b6 7. Nf3 Ba6 8. d3 Nc6 9. a3 h5 10. Qg3 g6 11. Nbd2 Ne7 12. Ng5 Nf5 13. Qh3 Be7 14. Ngf3 Qc7 15. O-O-O O-O-O 16. g3 Kb8 17. Re1 Rc8 18. Qg2 b5 19. c4 Nb6 20. Kb1 Rhd8 21. Rc1 dxc4 22. dxc4 bxc4 23. Nxc4 Nxc4 24. Bxc4 Bxc4 25. bxc4 Qc6 26. Qe2 Rc7 27. Rhd1 Rcd7 28. Rxd7 Rxd7 29. Ka2 Nd4 30. Bxd4 cxd4 31. Rb1+ Ka8 32. Qd3 Bc5 33. Rb5 Rb7 34. a4 a6 35. Rxb7 Kxb7 36. Kb3 Qb6+ 37. Kc2 Kc7 38. Qb3 Qc6 39. Nd2 Qg2 40. Qf3 Qxh2 41. Kd3 h4 42. gxh4 Qxh4 43. Ne4 Be7 44. Kxd4 Qe1 1/2-1/2

[Event "December 12 Early 2023"]
[Site "https://www.chess.com"]
[Date "2023.12.12"]
[Round "7"]
[White "Storn, Justin"]
[Black "Dubnevych, Maksym"]
[Result "1/2-1/2"]
[Board "108"]
[TimeControl "180+1"]
[WhiteFideId "30922720"]
[BlackFideId "14184001"]
[WhiteElo "2348"]
[BlackElo "2518"]
[WhiteTeam "USA"]
[BlackTeam "UKR"]
[WhiteClock "0:00:11"]
[BlackClock "0:00:27"]

1. Nf3 d5 2. g3 Bg4 3. Bg2 Nf6 4. O-O e6 5. d4 Nbd7 6. c4 c6 7. Nc3 Bd6 8. Re1 O-O 9. e4 dxe4 10. Nxe4 Nxe4 11. Rxe4 Nf6 12. Re1 Qc7 13. Bg5 Be7 14. Qd2 Rad8 15. Ne5 Bf5 16. Rad1 Qb6 17. c5 Qa6 18. Bxf6 Bxf6 19. f4 Bxe5 20. Rxe5 Qxa2 21. Qc3 Bg4 22. Rd3 f6 23. Re1 Qa4 24. b3 Qb5 25. Bf1 a5 26. Rd2 Qb4 27. Qxb4 axb4 28. h3 Bf5 29. g4 Bg6 30. Bc4 Bf7 31. Bxe6 Rfe8 32. Bxf7+ Kxf7 33. Rxe8 Rxe8 34. Kf2 Ra8 35. f5 Ra3 36. Rd3 g6 37. Kf3 gxf5 38. gxf5 Ra1 39. Ke4 Re1+ 40. Re3 Rf1 41. d5 cxd5+ 42. Kxd5 Rxf5+ 43. Kc4 Rf4+ 44. Kb5 Rd4 45. Kb6 Rd5 46. Kb5 f5 47. Kxb4 Kf6 48. Kc4 Rd7 49. b4 f4 50. Re8 Kf5 51. Rf8+ Ke4 52. Re8+ Kf3 53. b5 Kf2 54. c6 bxc6 55. bxc6 Rg7 56. Kc5 f3 57. Kb6 Kg2 58. c7 Rxc7 59. Kxc7 f2 60. Rf8 f1=Q 61. Rxf1 Kxf1 62. Kd6 Kg2 63. h4 Kh3 64. h5 Kh4 65. h6 Kh5 66. Ke5 Kxh6 67. Kf4 Kg6 68. Kg3 h5 69. Kh3 Kg5 70. Kh2 Kg4 71. Kg2 h4 72. Kh2 h3 73. Kh1 Kh4 74. Kg1 Kg3 75. Kh1 h2 1/2-1/2

[Event "December 12 Early 2023"]
[Site "https://www.chess.com"]
[Date "2023.12.12"]
[Round "7"]
[White "Grutter, Tim"]
[Black "Silvestre, Christian"]
[Result "1-0"]
[Board "109"]
[TimeControl "180+1"]
[WhiteFideId "1057472"]
[BlackFideId "30956269"]
[WhiteElo "2515"]
[BlackElo "2342"]
[WhiteTeam "NED"]
[BlackTeam "USA"]
[WhiteClock "0:00:06"]
[BlackClock "0:00:06"]

1. d3 e5 2. Nf3 Nc6 3. g3 g6 4. Bg2 Bg7 5. O-O Nge7 6. e4 O-O 7. Nc3 d5 8. exd5 Nxd5 9. Bg5 Qd6 10. Ne4 Qe6 11. Qd2 f6 12. Bh6 b6 13. Rfe1 Qd7 14. Rad1 Bb7 15. d4 f5 16. Nc3 e4 17. Ne5 Qe6 18. Bxg7 Kxg7 19. Nxd5 Qxd5 20. c4 Qd6 21. Nxc6 Bxc6 22. Qc3 Kg8 23. b4 Rad8 24. d5 Be8 25. c5 Qf6 26. Qc4 Bf7 27. f3 exf3 28. Bxf3 c6 29. cxb6 cxd5 30. Bxd5 Qxb6+ 31. Kf1 Rxd5 32. Rxd5 Bxd5 33. Qxd5+ Kg7 34. Re7+ Kh6 35. Qd2+ f4 36. gxf4 Qb5+ 37. Ke1 Qf5 38. Qd4 Qb1+ 39. Kf2 Qxa2+ 40. Re2 Qf7 41. Kg3 Qf5 42. Re7 Qf6 43. Qxf6 Rxf6 44. Rxa7 Rb6 45. Ra4 g5 46. fxg5+ Kxg5 47. Ra5+ Kg6 48. b5 Rb8 49. Kg4 h5+ 50. Kf4 Rf8+ 51. Ke5 Rb8 52. Kd6 Kg5 53. Kc7 Rf8 54. b6+ Kg4 55. b7 h4 56. b8=Q Rxb8 57. Kxb8 Kh3 58. Ra2 Kg4 59. Kc7 Kf3 60. Kd7 h3 61. Ke7 Kg4 62. Kf6 Kh4 63. Kf5 1-0

[Event "December 12 Early 2023"]
[Site "https://www.chess.com"]
[Date "2023.12.12"]
[Round "7"]
[White "Ernst, Luca"]
[Black "Krzywda, Andrzej"]
[Result "1-0"]
[Board "110"]
[TimeControl "180+1"]
[WhiteFideId "45117055"]
[BlackFideId "1114565"]
[WhiteElo "2328"]
[BlackElo "2515"]
[WhiteTeam "FRA"]
[BlackTeam "POL"]
[WhiteClock "0:00:08"]
[BlackClock "0:00:35"]

1. Nf3 d5 2. g3 c5 3. Bg2 Nc6 4. d4 Nf6 5. O-O e6 6. c4 dxc4 7. dxc5 Qxd1 8. Rxd1 Bxc5 9. Nbd2 c3 10. bxc3 O-O 11. Nb3 Be7 12. Nbd4 Bd7 13. Rb1 b6 14. Nb5 Rac8 15. Bf4 Nd5 16. Bd6 Rfd8 17. Bxe7 Ncxe7 18. Nd6 Rc5 19. Nb7 Rdc8 20. Nxc5 Rxc5 21. Ne5 Ba4 22. Rd4 b5 23. c4 bxc4 24. Rb8+ Nc8 25. Bxd5 exd5 26. Rxd5 Be8 27. Rxc5 Nd6 28. Rxe8+ Nxe8 29. Rxc4 f6 30. Rc8 Kf8 31. Nc6 Kf7 32. Rxe8 Kxe8 33. Nxa7 Kd7 34. Nb5 Kc6 35. a4 Kc5 36. Nc3 Kb4 37. e4 f5 38. e5 Kc5 39. a5 Kc6 40. f4 1-0

[Event "December 12 Early 2023"]
[Site "https://www.chess.com"]
[Date "2023.12.12"]
[Round "7"]
[White "Valle Luis, Leo"]
[Black "Santos, Rafael Ventura Dos"]
[Result "0-1"]
[Board "111"]
[TimeControl "180+1"]
[WhiteFideId "54577187"]
[BlackFideId "2122227"]
[WhiteElo "2514"]
[BlackElo "2296"]
[WhiteTeam "ESP"]
[BlackTeam "BRA"]
[WhiteClock "0:00:02"]
[BlackClock "0:01:03"]

1. e4 c5 2. Nf3 d6 3. d4 cxd4 4. Nxd4 Nf6 5. Nc3 a6 6. Bg5 Nbd7 7. Bc4 Qb6 8. Bb3 Qc5 9. Be3 Qc7 10. f4 Nc5 11. Qf3 e6 12. O-O-O b5 13. a3 Bb7 14. f5 e5 15. Nde2 Nxb3+ 16. cxb3 Bxe4 17. Qh3 Rc8 18. Rhe1 a5 19. b4 axb4 20. axb4 Qc4 21. g4 Qa2 22. Rf1 Qb1+ 23. Kd2 Qxb2+ 24. Ke1 Rxc3 25. Nxc3 Qxc3+ 26. Kf2 Bb7 27. g5 Ne4+ 28. Kg1 Be7 29. Rc1 Qxb4 30. f6 gxf6 31. Rc8+ Bxc8 32. Qxc8+ Bd8 33. Bb6 O-O 34. Bxd8 Qd4+ 35. Kg2 Qd2+ 36. Kg1 Nxg5 37. Qd7 Qe3+ 38. Kg2 Qe4+ 39. Kg3 Qe3+ 40. Kg2 Qe2+ 41. Rf2 Qe4+ 42. Kg3 Qg6 43. Rb2 Qd3+ 44. Kg2 Qf3+ 45. Kg1 Nh3+ 46. Qxh3 Qxh3 47. Bxf6 Qe3+ 48. Kh1 Qf3+ 49. Rg2+ Qxg2+ 50. Kxg2 Rc8 0-1

[Event "December 12 Early 2023"]
[Site "https://www.chess.com"]
[Date "2023.12.12"]
[Round "7"]
[White "Manukyan, Artyom"]
[Black "Deveci, Huseyin Said"]
[Result "1-0"]
[Board "112"]
[TimeControl "180+1"]
[WhiteFideId "13305786"]
[BlackFideId "26322455"]
[WhiteElo "2513"]
[BlackElo "2270"]
[WhiteTeam "ARM"]
[BlackTeam "TUR"]
[WhiteClock "0:01:24"]
[BlackClock "0:00:06"]

1. e4 c5 2. Nc3 Nc6 3. Bb5 Nd4 4. Nf3 Nxb5 5. Nxb5 a6 6. Nc3 d6 7. d4 cxd4 8. Qxd4 Nf6 9. Bg5 Bg4 10. O-O-O Bxf3 11. gxf3 Qa5 12. Bxf6 gxf6 13. Nd5 Rc8 14. Kb1 Qc5 15. Qd2 Rg8 16. c3 Rg2 17. Rdf1 Rg6 18. h4 Bh6 19. Qd1 Kd7 20. h5 Rg2 21. Qe2 Rcg8 22. a3 b5 23. f4 e6 24. Nxf6+ Ke7 25. Nxg8+ Rxg8 26. Rhg1 Rxg1 27. Rxg1 Bxf4 28. Qg4 Qe5 29. Qf3 h6 30. Rd1 Bg5 31. Ka2 Qc5 32. Qe2 Bf4 33. f3 Be5 34. Qd3 Bf4 35. Rh1 Bg5 36. Qd4 Qxd4 37. cxd4 Be3 38. Rd1 d5 39. Kb3 dxe4 40. fxe4 Kd6 41. a4 f5 42. exf5 exf5 43. axb5 axb5 44. Kb4 Kd5 45. Kxb5 f4 46. b4 f3 47. Ka6 f2 48. b5 Bd2 49. Rf1 Be3 50. b6 Bxd4 51. b7 Be5 52. Rxf2 Ke6 53. Re2 Kf5 54. Rxe5+ Kxe5 55. b8=Q+ 1-0

[Event "December 12 Early 2023"]
[Site "https://www.chess.com"]
[Date "2023.12.12"]
[Round "7"]
[White "Rodriguez Avila, Alvaro"]
[Black "Durucay, Uygar"]
[Result "1-0"]
[Board "113"]
[TimeControl "180+1"]
[WhiteFideId "24570249"]
[BlackFideId "44591560"]
[WhiteElo "2268"]
[BlackElo "2513"]
[WhiteTeam "ESP"]
[BlackTeam "TUR"]
[WhiteClock "0:00:26"]
[BlackClock "0:00:34"]

1. e4 c6 2. d4 d5 3. e5 Bf5 4. h4 h5 5. Bd3 Bxd3 6. Qxd3 Qa5+ 7. b4 Qxb4+ 8. Nd2 e6 9. c3 Qe7 10. Ne2 Qc7 11. Nf3 Nh6 12. Ng3 g6 13. Bg5 Be7 14. O-O Nf5 15. Nxf5 gxf5 16. Rab1 Nd7 17. Bxe7 Kxe7 18. Qd2 Rhg8 19. Ng5 b5 20. a4 a6 21. Qe2 Rh8 22. Qa2 Nb6 23. Qa3+ Ke8 24. axb5 axb5 25. Qc1 Nc4 26. Qf4 Ke7 27. Ra1 Ra7 28. Nf3 Rg8 29. Qh6 Rg6 30. Qxh5 Qb8 31. Rxa7+ Qxa7 32. Qh8 Qd7 33. h5 Rg4 34. Qf6+ Ke8 35. h6 Qd8 36. Qxd8+ Kxd8 37. h7 1-0

[Event "December 12 Early 2023"]
[Site "https://www.chess.com"]
[Date "2023.12.12"]
[Round "7"]
[White "Osmonbekov, Talaibek"]
[Black "Devaev, Alexander"]
[Result "1-0"]
[Board "114"]
[TimeControl "180+1"]
[WhiteFideId "2017253"]
[BlackFideId "4169395"]
[WhiteElo "2236"]
[BlackElo "2513"]
[WhiteTeam "USA"]
[BlackTeam "RUS"]
[WhiteClock "0:00:02"]
[BlackClock "0:00:00"]

1. d4 Nf6 2. Nc3 e6 3. Bf4 Bb4 4. Qd3 b6 5. e4 Ba6 6. Qe3 Bxf1 7. Kxf1 Bxc3 8. bxc3 O-O 9. Bg5 Qe8 10. Bxf6 gxf6 11. Ne2 Kh8 12. Qf4 Qd8 13. h4 d6 14. Rh3 Nd7 15. Rb1 Rg8 16. Rf3 Qe7 17. Rb5 e5 18. Qf5 c6 19. Rb1 Rg6 20. Rg3 Rag8 21. Rd1 Nf8 22. Rdd3 Ne6 23. Rdf3 c5 24. d5 Nf8 25. h5 Rxg3 26. Nxg3 Nd7 27. Qh3 Rg5 28. Nf5 Qf8 29. Rg3 Nb8 30. h6 Nd7 31. Qh4 1-0

[Event "December 12 Early 2023"]
[Site "https://www.chess.com"]
[Date "2023.12.12"]
[Round "7"]
[White "Semenova, Alina"]
[Black "Wanyama, Harold"]
[Result "1-0"]
[Board "115"]
[TimeControl "180+1"]
[WhiteFideId "24113875"]
[BlackFideId "10000380"]
[WhiteElo "2211"]
[BlackElo "2513"]
[WhiteTeam "RUS"]
[BlackTeam "UGA"]
[WhiteClock "0:00:09"]
[BlackClock "0:01:00"]

1. e4 c5 2. Nf3 e6 3. d4 cxd4 4. Nxd4 Nc6 5. Nc3 Qc7 6. a3 Nf6 7. Be3 a6 8. Be2 b5 9. O-O Bb7 10. f3 Ne5 11. Nb3 Be7 12. Qd2 O-O 13. Rad1 d5 14. exd5 Nxd5 15. Nxd5 Bxd5 16. Bf4 Rfd8 17. Qe3 Bd6 18. Nd4 Rac8 19. c3 Qb8 20. Bg3 Nc4 21. Bxc4 bxc4 22. Bxd6 Rxd6 23. Rd2 Rb6 24. Rff2 Qc7 25. Qg5 h6 26. Qg4 Rcb8 27. f4 Qc5 28. f5 e5 29. f6 g6 30. Nf5 h5 31. Qg5 Be6 32. Qh6 Qf8 33. Ne7+ Qxe7 34. fxe7 Re8 35. Rd8 Rb8 36. Rfd2 f6 37. Qf8+ Kh7 38. Rxe8 Rxe8 39. Qxe8 1-0

[Event "December 12 Early 2023"]
[Site "https://www.chess.com"]
[Date "2023.12.12"]
[Round "7"]
[White "Ambartsumova, Karina"]
[Black "Zivic, Dragan"]
[Result "1/2-1/2"]
[Board "116"]
[TimeControl "180+1"]
[WhiteFideId "4166299"]
[BlackFideId "904740"]
[WhiteElo "2631"]
[BlackElo "2410"]
[WhiteTeam "RUS"]
[BlackTeam "SRB"]
[WhiteClock "0:00:16"]
[BlackClock "0:00:21"]

1. d4 Nf6 2. c4 e6 3. Nc3 Bb4 4. a3 Bxc3+ 5. bxc3 b6 6. e3 O-O 7. Bd3 d5 8. Ne2 Ba6 9. cxd5 exd5 10. Bxa6 Nxa6 11. Qd3 Qc8 12. c4 dxc4 13. Qxc4 c5 14. O-O cxd4 15. Qxd4 Nc5 16. Qh4 Qg4 17. Qxg4 Nxg4 18. Bb2 Rfd8 19. Rad1 f6 20. Nd4 Kf7 21. Nb5 a6 22. Nd6+ Ke6 23. Nc4 b5 24. Na5 Ne5 25. Rxd8 Rxd8 26. Bxe5 fxe5 27. Rc1 Rd3 28. f4 Nb3 29. Nxb3 Rxb3 30. Rc6+ Kd5 31. Rxa6 Rxe3 32. fxe5 Kxe5 33. Ra5 Kf6 34. Kf2 Rb3 35. h4 b4 36. axb4 Rxb4 37. g3 Rb2+ 38. Kf3 Rb3+ 39. Kg4 Rb4+ 40. Kh3 Rc4 41. Ra6+ Kf7 42. h5 h6 1/2-1/2

[Event "December 12 Early 2023"]
[Site "https://www.chess.com"]
[Date "2023.12.12"]
[Round "7"]
[White "Janaszak, Dawid"]
[Black "Skaric, Djuro"]
[Result "1-0"]
[Board "117"]
[TimeControl "180+1"]
[WhiteFideId "1119206"]
[BlackFideId "934569"]
[WhiteElo "2590"]
[BlackElo "2407"]
[WhiteTeam "POL"]
[BlackTeam "SRB"]
[WhiteClock "0:01:01"]
[BlackClock "0:00:08"]

1. c4 d6 2. Nc3 g6 3. e4 Bg7 4. h4 Nf6 5. h5 Nxh5 6. Be2 Nf6 7. d4 h5 8. Bg5 Nc6 9. Qd2 Bg4 10. f3 Bd7 11. O-O-O a6 12. Nh3 e5 13. dxe5 Nxe5 14. Nf4 Qc8 15. Kb1 b5 16. c5 dxc5 17. Nfd5 Nh7 18. Bh6 Kf8 19. g4 b4 20. gxh5 bxc3 21. Bxg7+ Kxg7 22. Qxc3 f6 23. f4 c6 24. Nxf6 Nxf6 25. Qxe5 Be6 26. Rdg1 Rh6 27. hxg6 Rxh1 28. Rxh1 Bg8 29. Qe7+ Kxg6 30. Rg1+ Ng4 31. Bxg4 Qf8 32. Bf5+ Kh5 33. Qg5# 1-0

[Event "December 12 Early 2023"]
[Site "https://www.chess.com"]
[Date "2023.12.12"]
[Round "7"]
[White "Tasev, Dejan"]
[Black "Rosenberg, Evan S"]
[Result "1-0"]
[Board "118"]
[TimeControl "180+1"]
[WhiteFideId "936618"]
[BlackFideId "2019299"]
[WhiteElo "2567"]
[BlackElo "2396"]
[WhiteTeam "SRB"]
[BlackTeam "USA"]
[WhiteClock "0:00:17"]
[BlackClock "0:00:00"]

1. e4 e5 2. Nf3 Nc6 3. Bb5 Nf6 4. d3 Ne7 5. Nc3 c6 6. Bc4 d6 7. h3 h6 8. Bb3 Ng6 9. Be3 Be7 10. Qd2 a5 11. a4 Nh5 12. g3 Nf6 13. d4 Qc7 14. O-O-O Nh7 15. Qe2 Ng5 16. Nxg5 Bxg5 17. h4 Bxe3+ 18. Qxe3 O-O 19. h5 Ne7 20. dxe5 dxe5 21. f3 Be6 22. g4 Bxb3 23. cxb3 b5 24. g5 Kh7 25. Rhg1 b4 26. Nb1 Rad8 27. Nd2 Ng8 28. Nc4 Rxd1+ 29. Rxd1 Rd8 30. Rg1 c5 31. gxh6 gxh6 32. Qf2 Nf6 33. Qh4 Rg8 34. Rxg8 Nxg8 35. Qg4 Nf6 36. Qf5+ Kg7 37. f4 Qc6 38. fxe5 Nxe4 39. Kb1 Qd5 40. Ka2 Qd3 41. Qg4+ Kh7 42. Qf4 Kg7 43. e6 fxe6 44. Qc7+ Kf6 45. Qf4+ Ke7 46. Qc7+ Kf6 47. Qe5+ Ke7 48. Qg7+ Ke8 49. Qg6+ Ke7 50. Qg7+ Ke8 51. Qh8+ Ke7 52. Qxh6 Qe2 53. Qg7+ Kd8 54. Qf8+ Kd7 55. Ne5+ Kc7 56. Qe7+ 1-0

[Event "December 12 Early 2023"]
[Site "https://www.chess.com"]
[Date "2023.12.12"]
[Round "7"]
[White "Barath1308"]
[Black "Andreev, Konstantin"]
[Result "0-1"]
[Board "119"]
[TimeControl "180+1"]
[BlackFideId "24239305"]
[WhiteElo "2381"]
[BlackElo "2548"]
[BlackTeam "ITA"]
[WhiteClock "0:00:02"]
[BlackClock "0:01:38"]

1. d4 Nf6 2. Nf3 d5 3. c4 e6 4. g3 Bb4+ 5. Bd2 a5 6. Bg2 O-O 7. O-O dxc4 8. Qc2 Bxd2 9. Nbxd2 b5 10. a4 c6 11. b3 cxb3 12. Nxb3 Nd5 13. Ne5 Qd6 14. Rfc1 Ra6 15. Qc5 Qxc5 16. Nxc5 Ra7 17. e4 Nb4 18. Bf1 f6 19. Nf3 bxa4 20. Rxa4 Nd7 21. Nxe6 Re8 22. Nc5 Nxc5 23. Rxc5 Rxe4 24. Raxa5 Rxa5 25. Rxa5 Bg4 26. Bc4+ Kf8 27. Ra8+ Ke7 28. Ra7+ Kd6 29. Kg2 Bxf3+ 30. Kxf3 Rxd4 31. Bg8 c5 32. Rxg7 c4 33. Bxh7 c3 34. Rf7 Ke5 35. Rc7 Nd5 36. Rc8 f5 37. h4 Rd3+ 38. Ke2 Kd4 39. Bxf5 Rd2+ 40. Kf1 Ke5 41. Bg6 Ne7 42. Bh7 Nxc8 43. h5 c2 44. Bxc2 Rxc2 45. g4 Kf6 46. f4 Rc4 47. g5+ Kg7 48. h6+ Kg6 49. f5+ Kxf5 50. h7 Rh4 0-1